 Dungeon Crawl Stone Soup version 0.29-a0-362-g5854e031c7 (webtiles) character file.

Game seed: 11536235988815804263

80468 HendSelp the Warrior (level 15, -3/178 HPs)
             Began as an Ogre Monk on Apr 29, 2022.
             Was an Initiate of Gozag.
             Slain by an orc knight
             ... wielding a +0 war axe
              (14 damage)
             ... on level 2 of the Orcish Mines.
             The game lasted 00:31:24 (31661 turns).

HendSelp the Warrior (Ogre Monk)                   Turns: 31661, Time: 00:31:25

Health: -3/178     AC: 24    Str: 25      XL:     15   Next: 67%
Magic:  15/15      EV:  8    Int:  8 (9)  God:    Gozag
Gold:   1945       SH:  5    Dex: 11      Spells: 14/14 levels left

rFire   . . .      SeeInvis .   N - +7 sceptre of Torment {pain, torment}
rCold   . . .      Faith    .   (no shield)
rNeg    + . .      Spirit   .   j - +0 pearl dragon scales of Impressiveness {Fly rPois rN+ Int-2}
rPois   +          Reflect  +   n - +2 hat
rElec   .          Harm     .   K - +1 cloak
rCorr   .          Rampage  .   (gloves unavailable)
Will    +....                   (boots unavailable)
Stlth   ..........              u - amulet of reflection
HPRegen 0.39/turn               w - +4 ring of protection
MPRegen 0.14/turn               F - +4 ring of slaying

@: gold aura, flying
A: large, unfitting armour, tough skin 1
a: Renounce Religion, Potion Petition, Call Merchant, Bribe Branch


You were on level 2 of the Orcish Mines.
You worshipped Gozag.
Gozag was most pleased with you.
You visited 4 branches of the dungeon, and saw 20 of its levels.
You also visited: Bailey and Ice Cave.

You collected 10918 gold pieces.
You spent 4761 gold pieces at shops.
You paid 4212 gold pieces to Gozag.

Inventory:

Hand Weapons
 N - the +7 sceptre of Torment (weapon) {pain, torment}
   (You bought it in a shop on level 1 of the Lair of Beasts)

   In the hands of one skilled in necromantic magic, it inflicts extra damage on
   living creatures.
   It occasionally torments all nearby living foes when it strikes in combat.
Missiles
 k - 3 throwing nets (quivered)
 z - 8 large rocks
Armour
 j - the +0 pearl dragon scales of Impressiveness (worn) {Fly rPois rN+ Int-2}
   (You bought it in a shop on level 4 of the Dungeon)

   Int:       It affects your intelligence (-2).
   rPois:     It protects you from poison.
   rN:        It protects you from negative energy.
   Fly:       It grants you flight.
 n - a +2 hat (worn)
 K - a +1 cloak (worn)
Jewellery
 s - a ring of see invisible
 t - a ring of protection from cold
 u - an amulet of reflection (around neck)
 w - a +4 ring of protection (left hand)
 F - a +4 ring of slaying (right hand)
 H - a ring of poison resistance
Wands
 b - a wand of digging (12)
 d - a wand of paralysis (7)
 i - a wand of flame (55)
 x - a wand of acid (5)
 E - a wand of charming (11)
 G - a wand of iceblast (4)
 L - a wand of polymorph (6)
Scrolls
 g - 3 scrolls of fear
 m - 2 scrolls of magic mapping
 p - 2 scrolls of enchant weapon
 q - 2 scrolls of amnesia
 r - 6 scrolls of teleportation
 y - 5 scrolls of identify
 C - a scroll of fog
 I - a scroll of silence
Potions
 a - 3 potions of brilliance
 c - 7 potions of ambrosia
 e - 4 potions of attraction
 f - 2 potions of mutation
 h - 4 potions of flight
 o - 12 potions of curing
 v - a potion of magic
 A - a potion of haste
 B - a potion of heal wounds
 D - 3 potions of might
 J - 2 potions of berserk rage
 M - 2 potions of cancellation


   Skills:
 + Level 18.6 Fighting
 * Level 18.2 Maces & Flails
 + Level 10.0 Armour
 - Level 2.6 Dodging
 - Level 1.4 Stealth
 * Level 1.4 Necromancy


You had 14 spell levels left.
You didn't know any spells.
Your spell library contained the following spells:

 Spells                   Type           Power      Damage    Failure   Level
 Apportation              Tloc           0%         N/A       71%         1
 Magic Dart               Conj           0%         1d3       71%         1
 Slow                     Hex            0%         N/A       71%         1
 Sting                    Tmut/Pois      0%         1d3       71%         1
 Summon Small Mammal      Summ           0%         N/A       71%         1
 Corpse Rot               Necr/Air       2%         N/A       75%         2
 Blink                    Tloc           0%         N/A       83%         2
 Call Imp                 Summ           0%         N/A       83%         2
 Poisonous Vapours        Pois/Air       0%         N/A       83%         2
 Vampiric Draining        Necr           2%         2d6       86%         3
 Call Canine Familiar     Summ           0%         N/A       97%         3
 Confusing Touch          Hex            0%         N/A       97%         3
 Gell's Gravitas          Tloc           0%         N/A       97%         3
 Inner Flame              Hex/Fire       0%         N/A       97%         3
 Lesser Beckoning         Tloc           0%         N/A       97%         3
 Mephitic Cloud           Conj/Pois/Air  0%         N/A       97%         3
 Ozocubu's Armour         Ice            0%         N/A       97%         3
 Stone Arrow              Conj/Erth      0%         3d7       97%         3
 Summon Guardian Golem    Hex/Summ       0%         N/A       97%         3
 Teleport Other           Tloc           0%         N/A       97%         3
 Tukima's Dance           Hex            0%         N/A       97%         3
 Dispel Undead            Necr           2%         3d7       99%         4
 Airstrike                Air            0%         N/A       100%        4
 Anguish                  Hex/Necr       0%         N/A       100%        4
 Animate Armour           Summ/Erth      0%         N/A       100%        4
 Cause Fear               Hex            0%         N/A       100%        4
 Iskenderun's Mystic Bla  Conj/Tloc      0%         2d3       100%        4
 Leda's Liquefaction      Hex/Erth       0%         N/A       100%        4
 Olgreb's Toxic Radiance  Pois           0%         N/A       100%        4
 Passage of Golubria      Tloc           0%         N/A       100%        4
 Summon Lightning Spire   Summ/Air       0%         N/A       100%        4
 Alistair's Intoxication  Tmut/Pois      0%         N/A       100%        5
 Lightning Bolt           Conj/Air       0%         1d11      100%        5
 Manifold Assault         Tloc           0%         N/A       100%        5
 Metabolic Englaciation   Hex/Ice        0%         N/A       100%        5
 Summon Mana Viper        Hex/Summ       0%         N/A       100%        5
 Yara's Violent Unravell  Hex/Tmut       0%         3d3       100%        5
 Simulacrum               Ice/Necr       0%         N/A       100%        6
 Starburst                Conj/Fire      0%         6d3       100%        6
 Enfeeble                 Hex            0%         N/A       100%        7
 Spellforged Servitor     Conj/Summ      0%         N/A       100%        7
 Storm Form               Tmut/Air       0%         N/A       100%        7
 Infestation              Necr           1%         N/A       100%        8
 Lehudib's Crystal Spear  Conj/Erth      0%         10d2      100%        8
 Maxwell's Capacitive Co  Air            0%         ∞         100%        8
 Necromutation            Tmut/Necr      0%         N/A       100%        8


Dungeon Overview and Level Annotations

Branches:
Dungeon (11/15)            Temple (1/1) D:4            Lair (6/6) D:10
 Shoals (0/4) Lair:3       Spider (0/4) Lair:4          Orc (2/2) D:11
    Elf (0/3) Orc:2        Bailey (visited)           IceCv (visited)
  Slime: Lair:5-6

Altars:
Ashenzari
Cheibriados
Dithmenos
Elyvilon
Fedhas
Gozag
Hepliaklqana
Kikubaaqudgha
Makhleb
Nemelex Xobeh
Okawaru
Qazlal
Ru
Sif Muna
Trog
Uskayaw
Vehumet
Wu Jian
Xom
Yredelemnul
Zin
The Shining One

Shops:
D:4 [[   D:5 (   Lair:1 (

Annotations:
D:6 3 runed translucent doors, purpskrrrp's ghost, novice OgCA
D:9 3 runed translucent doors, avis's ghost, novice HOMo
Lair:2 2 runed translucent doors, Icykiwko's ghost, journeyman DrCj
Lair:6 exclusion: 3 oklob plants


Innate Abilities, Weirdness & Mutations

You are too large for most types of armour.
You have tough skin. (AC +1)


Message History

An orc high priest comes into view. It is wielding a +0 long sword.
The orc warrior closely misses you.
The orc warrior is distracted by your dazzling golden aura.
The orc knight hits you from afar with a +2 bardiche!!
The orc warrior closely misses you. The orc priest barely misses you.
The orc knight hits you with a +0 war axe!!!
* * * LOW HITPOINT WARNING * * *
The orc warrior shouts!
Unknown command.
Unknown command.
Unknown command.
You feel much better.
The orc warrior is no longer distracted by gold.
You block the orc warrior's attack.
The orc high priest mumbles some strange prayers to Beogh.
The orc priest hits you but does no damage.
The orc warrior barely misses you.
The orc knight hits you but does no damage.
The orc warrior is distracted by your dazzling golden aura.
The orc knight barely misses you.
The chaos spawn is distracted by your dazzling golden aura.
The orc warrior shouts!
The chaos spawn growls angrily.
Unknown command.
Unknown command.
Unknown command.
Unknown command. [a] - 216 gold - heal wounds and curing [b] - 336 gold - brilliance and magic [c] - 768 gold - lignification, might, resistance, haste and heal wounds Purchase which effect?
You feel much better.
You feel better.
The sixfirhy is distracted by your dazzling golden aura.
The orc priest invokes the aid of Beogh against you.
Beogh smites you!
The orc high priest is distracted by your dazzling golden aura.
The orc knight hits you from afar with a +2 bardiche!!!
* * * LOW HITPOINT WARNING * * *
The orc knight hits you with a +0 war axe!
You die...
Your body crumbles into a pile of gold.

.......#
##.........##
#.........
.......#
#..#...#..#
##........
.......#
##.......##
#.##......
..#....#
###.#.###
######.#.#
..##...#
#.....# #####
...###.#
###.#.###
#..###.#
#.......##
....####
#..#.oo#..#
.....#
#....o@oo.#
..#.##
#...#ooo#...#
.####
#....ooo4...#
..##
#....#3oo#....#
...#
#....3.4o.....#
#.## #....#...#
...# ###
......... ...#
...#...# ..#


You could see 3 orc knights, 2 orc high priests, a sixfirhy (summoned, unaware),
a ynoxinul (summoned), a chaos spawn (summoned), a red devil (summoned), 8 orc
warriors and an orc priest (strong).

Vanquished Creatures
  Snorg (D:10)
  3 hydras
  2 boulder beetles
  3 catoblepae (Lair:6)
  A two-headed ogre (Orc:2)
  2 ironbound frosthearts (IceCv)
  21 death yaks
  2 orc high priests (Orc:2)
  Urug (Lair:1)
  Sonja (Orc:2)
  Amaemon (Lair:3)
  A deep troll (Lair:2)
  5 orc knights
  An oklob plant (Lair:5)
  An orc sorcerer (Orc:1)
  A cyclops (D:10)
  3 manticores
  A black mamba (Lair:3)
  Joseph (Lair:1)
  An ice statue (IceCv)
  An orange demon (Lair:3)
  15 cane toads
  A gargoyle (Bailey)
  2 rime drakes
  A demonic crawler (Lair:4)
  An efreet (D:10)
  7 komodo dragons
  A queen bee (Lair:3)
  A merfolk (Lair:3)
  2 trolls
  10 polar bears (IceCv)
  20 blink frogs
  11 dream sheep
  Grinder (D:3)
  2 shadows
  63 yaks
  Eustachio (D:5)
  A vampire (Bailey)
  A wyvern (D:11)
  4 basilisks
  7 steam dragons
  3 vampire mosquitoes (D:11)
  Menkaure (D:4)
  16 water moccasins
  18 orc warriors
  2 ice beasts
  4 black bears
  32 wolves
  7 centaurs
  A phantom (D:7)
  17 bullfrogs
  2 necrophages
  6 scorpions
  17 wights
  28 killer bees
  8 vampire bats (Bailey)
  An electric eel (Lair:3)
  6 howler monkeys
  6 wolf zombies (Bailey)
  3 jellies
  4 hounds
  A gnoll shaman (D:10)
  21 orc priests
  An iguana (D:4)
  Jessica (D:2)
  Natasha (thrice) (D:3)
  14 orc wizards
  13 adders
  7 gnolls
  18 orc zombies (Bailey)
  A shadow imp (D:7)
  A white imp (D:8)
  An ufetubus (D:3)
  6 worms
  4 dart slugs
  53 orcs
  7 ball pythons
  5 bats
  9 endoplasms
  12 giant cockroaches
  2 goblins (D:4)
  11 hobgoblins
  2 jackals (D:2)
  11 kobolds
  3 quokkas
  6 frilled lizards
  6 rats
607 creatures vanquished.

Vanquished Creatures (others)
  19 fungi
  36 plants
55 creatures vanquished.

Grand Total: 662 creatures vanquished

Notes
Turn   | Place    | Note
-------+----------+-------------------------------------------
     0 | D:1      | HendSelp the Ogre Monk began the quest for the Orb.
     0 | D:1      | Reached XP level 1. HP: 24/24 MP: 1/1
     5 | D:1      | Found a faded altar of an unknown god.
   107 | D:1      | Reached XP level 2. HP: 15/32 MP: 2/2
   746 | D:1      | Reached XP level 3. HP: 31/40 MP: 3/3
  1920 | D:2      | Reached XP level 4. HP: 24/49 MP: 4/4
  2432 | D:2      | Noticed Jessica
  2449 | D:2      | Killed Jessica
  2555 | D:2      | Reached XP level 5. HP: 41/55 MP: 5/5
  3117 | D:3      | Noticed Grinder
  3129 | D:3      | Paralysed by Grinder for 2 turns
  3131 | D:3      | HP: 2/55 [Grinder (2)]
  3137 | D:3      | Killed Grinder
  3138 | D:3      | Reached skill level 5 in Fighting
  3138 | D:3      | Reached skill level 5 in Maces & Flails
  3138 | D:3      | Reached XP level 6. HP: 7/66 MP: 6/6
  3838 | D:3      | Identified 2 scrolls of acquirement
  3839 | D:3      | Acquired 1205 gold pieces
  3841 | D:3      | Acquired 1057 gold pieces
  4264 | D:3      | Noticed Natasha
  4272 | D:3      | Killed Natasha
  4333 | D:3      | Noticed Natasha
  4349 | D:3      | Killed Natasha
  4350 | D:3      | Reached XP level 7. HP: 25/74 MP: 7/7
  4579 | D:3      | Noticed Natasha
  4585 | D:3      | Killed Natasha
  5318 | D:4      | Noticed Menkaure
  5325 | D:4      | Killed Menkaure
  6166 | D:4      | Found a staircase to the Ecumenical Temple.
  6208 | Temple   | Entered the Ecumenical Temple
  6301 | Temple   | Became a worshipper of Gozag Ym Sagoz the Greedy
  6606 | D:4      | Reached XP level 8. HP: 44/84 MP: 8/8
  7474 | D:5      | Entered Level 5 of the Dungeon
  7644 | D:5      | Acquired 927 gold pieces
  7656 | D:5      | Acquired 411 gold pieces
  7658 | D:5      | Acquired 454 gold pieces
  7686 | D:5      | Bought a transparent morningstar for 351 gold pieces
  7686 | D:5      | Identified the +1 morningstar "Transmigrator" {vorpal,
                  | Dex+4} (You bought it in a shop on level 5 of the Dungeon)
  7747 | D:4      | Bought the +0 pearl dragon scales of Impressiveness {Fly
                  | rPois rN+ Int-2} for 1170 gold pieces
  7769 | D:5      | Noticed Eustachio
  7793 | D:5      | Killed Eustachio
  8492 | D:6      | Noticed purpskrrrp's ghost (novice OgCA)
  8521 | D:6      | Reached skill level 1 in Armour
  8616 | D:6      | Found a runed translucent gate.
  8616 | D:6      | Found a runed translucent gate.
  8616 | D:6      | Found a runed translucent gate.
  8699 | D:6      | Reached XP level 9. HP: 91/93 MP: 9/9
  9594 | D:6      | Reached skill level 10 in Maces & Flails
 10085 | D:7      | Identified the +0 leather armour of the Monkey {rC- Int+8
                  | Slay+6}
 11037 | D:8      | Reached XP level 10. HP: 35/103 MP: 10/10
 11062 | D:8      | HP: 5/106 [steam dragon/ball of steam (8)]
 12277 | D:9      | Found a flagged portal.
 12301 | Bailey   | Entered a bailey
 12472 | Bailey   | Noticed a gargoyle
 12482 | Bailey   | Killed a gargoyle
 12637 | Bailey   | Got Sif Muna's Catalogue of Beguiling
 12651 | Bailey   | Identified the +13 plate armour "Jurghut" {rN+ Dex+3 Slay-4
                  | Stlth+}
 12707 | Bailey   | Got the Tome of Dusty Shape Shifting
 13190 | D:9      | Found a runed translucent gate.
 13190 | D:9      | Found a runed translucent gate.
 13190 | D:9      | Found a runed translucent gate.
 13193 | D:9      | Noticed avis's ghost (novice HOMo)
 13747 | D:9      | Reached XP level 11. HP: 89/117 MP: 11/11
 14025 | D:9      | Found a sparkling altar of Nemelex Xobeh.
 14174 | D:10     | Entered Level 10 of the Dungeon
 14677 | D:10     | Found a staircase to the Lair.
 14822 | D:10     | Reached skill level 10 in Fighting
 14866 | D:10     | Noticed Snorg
 14875 | D:10     | Killed Snorg
 14876 | D:10     | Reached skill level 5 in Armour
 15396 | D:10     | Noticed a cyclops
 15402 | D:10     | Killed a cyclops
 16037 | D:11     | Noticed a manticore
 16049 | D:11     | Killed a manticore
 16247 | D:11     | Found a staircase to the Orcish Mines.
 17100 | Lair:1   | Entered Level 1 of the Lair of Beasts
 17100 | Lair:1   | Noticed Urug
 17105 | Lair:1   | Killed Urug
 17127 | Lair:1   | Noticed Joseph
 17143 | Lair:1   | Killed Joseph
 17178 | Lair:1   | Noticed a four-headed hydra
 17190 | Lair:1   | Killed a four-headed hydra
 17199 | Lair:1   | Reached XP level 12. HP: 21/128 MP: 12/12
 17293 | Lair:1   | Found a frozen archway.
 17318 | IceCv    | Entered an ice cave
 17934 | IceCv    | Reached skill level 15 in Maces & Flails
 18161 | IceCv    | Reached skill level 15 in Fighting
 18161 | IceCv    | Reached XP level 13. HP: 149/149 MP: 13/13
 19162 | IceCv    | Got Ineho's Grimoire of the Sinister Volcanoes
 19474 | Lair:1   | Got the Reference Book on the Hurtful Volcanoes
 20599 | Lair:2   | Reached XP level 14. HP: 149/161 MP: 14/14
 20940 | Lair:2   | Found a large runed translucent door.
 20940 | Lair:2   | Found a large runed translucent door.
 20947 | Lair:2   | Noticed Icykiwko's ghost (journeyman DrCj)
 20947 | Lair:2   | Found the +8 whip "Snakebite" {venom, curare, rPois}
 21632 | Lair:3   | Noticed Amaemon
 21647 | Lair:3   | Killed Amaemon
 22207 | Lair:3   | You are sucked into a shaft and drop 2 floors!
 23456 | Lair:3   | Found a staircase to the Shoals.
 24854 | Lair:4   | Found a hole to the Spider Nest.
 26310 | Lair:5   | Reached XP level 15. HP: 145/174 MP: 15/15
 27414 | Lair:1   | Bought the +7 sceptre of Torment {pain, torment} for 3240
                  | gold pieces
 27414 | Lair:1   | Found the +7 sceptre of Torment {pain, torment}
 27768 | Lair:6   | Entered Level 6 of the Lair of Beasts
 28426 | Lair:6   | Got the Collected Works on Enthralling Translocation
 29855 | Orc:1    | Entered Level 1 of the Orcish Mines
 30602 | Orc:2    | Entered Level 2 of the Orcish Mines
 30606 | Orc:2    | Noticed Sonja
 30609 | Orc:2    | Killed Sonja
 30658 | Orc:2    | Reached skill level 10 in Armour
 30730 | Orc:2    | Found a staircase to the Elven Halls.
 31000 | Orc:2    | Reached skill level 1 in Necromancy
 31661 | Orc:2    | Slain by an orc knight

Illustrated notes

Levels and vault maps discovered:
D:1:      dpeg_arrival_tiny_a, layout_rooms,
          hellmonk_ecumenical_altar_slurped_away
D:2:      layout_basic, kennysheep_cross_bottleneck, uniq_jessica
D:3:      layout_basic, uniq_natasha, uniq_grinder
D:4:      nicolae_cairo_tiling, layout_basic, minmay_temple_entry_large_hall,
          uniq_menkaure
D:5:      layout_gridville, chequers_serial_rivers_micro_e, uniq_eustachio
D:6:      layout_layer_cave, gammafunk_ghost_split
D:7:      layout_loops_ring, minmay_fractal_squares_gapless_5
D:8:      layout_loops_ring, grunt_ministairs_12
D:9:      layout_gridville, mainiacjoe_overflow_alcove_2,
          ebering_ghost_rock_garden, enter_bailey_2
D:10:     layout_loops_cross, david_lair_shrubbed,
          nicolae_concentric_dashed_squares_mild, statue_in_the_mist_lemuel,
          uniq_snorg
D:11:     layout_roguey, orc_0_dummy
Temple:   mainiacjoe_temple_hex_bubbles
Lair:1:   layout_chaotic_city, portal_ice_cave_entry_pillars_1,
          hangedman_lair_unloving_vines, serial_bayou_shore_a,
          grunt_megastairs_5, lemuel_fruit_tree, uniq_joseph, uniq_urug
Lair:2:   dreamdust_cave_troll, layout_regular_city, ebering_ghost_disaster_area
Lair:3:   layout_cave_pods, elwin_shoals_entry_rooms, special_room
          [special_room_bee], beast_lair_carwin_6, uniq_amaemon
Lair:4:   layout_cave_pods, nicolae_spider_entry_non_spiders, st_stairs_7,
          eino_small_chamber_without_monster, serial_bayou_shore_b
Lair:5:   layout_cave_pods, grunt_megastairs_3
Lair:6:   evilmike_catoblepas_cave, layout_cave_pods,
          minmay_slime_entry_oklob_enclosed, grunt_forest_small_clearing_treed
Orc:1:    layout_caves, guppyfry_library_mini
Orc:2:    st_orc_pillars, layout_caves, nicolae_orc_rich_vein, uniq_sonja

Skill      XL: |  1  2  3  4  5  6  7  8  9 10 11 12 13 14 15 |
---------------+----------------------------------------------+-----
Maces & Flails | 3 4 5 6 7 9 11 12 14 15 16 17 18 | 18.2
Fighting       | 5 6 7 8 9 10 15 17 18 | 18.6
Armour         | 1 3 4 6 7 9 10 | 10.0
Necromancy     | 1 |  1.4
Dodging        | |  2.6
Stealth        | |  1.4

Action                   |  1- 3 |  4- 6 |  7- 9 | 10-12 | 13-15 || total
-------------------------+-------+-------+-------+-------+-------++-------
Melee: Mace              |   137 |   162 |    82 |       |       ||   381
       Punch             |     1 |     3 |     2 |     4 |    16 ||    26
       Morningstar       |       |       |   259 |   490 |   693 ||  1442
       Eveningstar       |       |       |       |       |   204 ||   204
Throw: Throwing net      |       |       |     2 |     2 |       ||     4
Invok: Call Merchant     |       |       |     3 |       |     1 ||     4
       Potion Petition   |       |       |       |     2 |     1 ||     3
Evoke: Wand              |       |       |       |       |     1 ||     1
  Use: Scroll            |     4 |     4 |    17 |    11 |    11 ||    47
       Potion            |     1 |     4 |     4 |    12 |     5 ||    26
 Stab: Sleeping          |     1 |     3 |     2 |       |       ||     6
       Held in net/web   |       |       |     1 |       |       ||     1
       Distracted        |       |       |     1 |     5 |     7 ||    13
       Petrified         |       |       |       |       |     2 ||     2
Armor: Robe              |    50 |    44 |    36 |       |       ||   130
       Pearl dragon scal |       |       |   160 |   299 |   411 ||   870
Dodge: Dodged            |    95 |   117 |   194 |   208 |   263 ||   877
Block: Other             |       |       |    23 |   117 |   168 ||   308
       Reflection        |       |       |       |     3 |       ||     3

Table legend: (Time is in decaauts)
 A = Elapsed time spent in this place.
 B = Non-inter-level travel time spent in this place.
 C = Inter-level travel time spent in this place.
 D = Time resting spent in this place.
 E = Time spent auto-exploring this place.
 F = Levels seen in this place.
 G = Mean time per level.
                   A        B        C        D        E       F      G
               +--------+--------+--------+--------+--------+-----+--------+
         Total |  31453 |  29887 |   1566 |   3734 |  22128 |  22 | 1429.7 |
       Dungeon |  16152 |  15411 |    741 |   2968 |  10369 |  11 | 1468.4 |
        Temple |    277 |    229 |     48 |      0 |    226 |   1 |  277.0 |
          Lair |  10354 |   9633 |    721 |    429 |   8059 |   6 | 1725.7 |
  Orcish Mines |   1781 |   1726 |     55 |    161 |   1346 |   2 |  890.5 |
        Bailey |    794 |    794 |      0 |      0 |    582 |   1 |  794.0 |
      Ice Cave |   2092 |   2092 |      0 |    175 |   1546 |   1 | 2092.0 |
               +--------+--------+--------+--------+--------+-----+--------+

Top non-repeatable levels by time:
     D:3: 2571 daAuts
  Lair:3: 2336 daAuts
  Lair:5: 2123 daAuts
     D:2: 2103 daAuts
   IceCv: 2092 daAuts
    D:10: 1961 daAuts
     D:4: 1914 daAuts
  Lair:6: 1867 daAuts
  Lair:4: 1520 daAuts
     D:6: 1401 daAuts
  Lair:2: 1389 daAuts
     D:8: 1359 daAuts
     D:9: 1221 daAuts
  Lair:1: 1117 daAuts
     D:1: 1038 daAuts
